 Dungeon Crawl Stone Soup version 0.29-a0-911-g88e6f02907 (webtiles) character file.

Game seed: 7383306599117618602

15626 enile the Arsonist (level 12, 0/102 HPs)
             Began as a Red Draconian Ice Elementalist on July 26, 2022.
             Was an Elder of Ashenzari.
             Slain by a reaper
             ... wielding a +0 scythe of freezing
              (18 damage)
             ... in an ice cave.
             The game lasted 00:25:16 (12059 turns).

enile the Arsonist (DrIE)                          Turns: 12059, Time: 00:25:16

Health: 0/102      AC: 14    Str: 18    XL:     12   Next: 2%
Magic:  35/37      EV: 16    Int: 18    God:    Ashenzari [****..]
Gold:   649        SH:  0    Dex: 16    Spells: 19/36 levels left

rFire   + + .      SeeInvis +   H - +6 executioner's axe of Ashenzari's Monotheism {vamp, Self, Range} (curse)
rCold   . . .      Faith    .   (shield currently unavailable)
rNeg    . . .      Spirit   .   (body armour unavailable)
rPois   .          Reflect  .   (helmet restricted)
rElec   .          Harm     .   l - scarf "Bound Together" {shadows, Elem, Evo} (curse)
rCorr   .          Rampage  .   B - +1 pair of gloves "Rusu" {rF+ Str+7 Int-4 Dex+4}
Will    .....      Clarity  +   (no boots)
Stlth   +++.......              k - amulet "Behold Eternity" {Acrobat Regen+ Int+2 Stlth+, Comp, Cun} (curse)
HPRegen 1.07/turn               b - ring of the Oracular Sorrow {AC+4, Alch, Range} (curse)
MPRegen 0.25/turn               y - ring "Sidereal Incredulity" {MP+9, Alch, Elem} (curse)

@: short of breath, freezing walls, slowed, very slow
A: breathe fire, AC +8, unfitting armour, fire resistance 1, cold-blooded
a: Breathe Fire, Renounce Religion, Curse Item, Shatter the Chains


You were in an ice cave.
You worshipped Ashenzari.
Ashenzari was greatly pleased with you.
You visited 1 branch of the dungeon, and saw 11 of its levels.
You also visited: Bailey and Ice Cave.

You collected 649 gold pieces.

Inventory:

Hand Weapons
 g - a +0 quarterstaff
 E - the +5 spear "Draconian's Peril" {elec, Will+}
   (You found it on level 6 of the Dungeon)

   It occasionally discharges a powerful burst of electricity upon striking a
   foe.
   Will:      It increases your willpower.
 H - the cursed +6 executioner's axe of Ashenzari's Monotheism (weapon) {vamp, Self, Range}
   (You took it off a gnoll sergeant in a bailey)

   It occasionally heals its wielder for a portion of the damage dealt when it
   wounds a living foe.
   It has a curse which improves the following skills: Introspection: Fighting
   and Spellcasting.
   Ranged Combat: Ranged Weapons and Throwing.
 J - the +1 mace of the Hurting Moth {drain, rElec rPois rF+ Dex-2}
   (You took it off a gnoll in a bailey)

   A truly terrible weapon, it drains the life of any living foe it strikes.
   Dex:       It affects your dexterity (-2).
   rF:        It protects you from fire.
   rElec:     It insulates you from electricity.
   rPois:     It protects you from poison.
Missiles
 G - 9 throwing nets
Armour
 l - the cursed scarf "Bound Together" (worn) {shadows, Elem, Evo}
   (You found it on level 2 of the Dungeon)

   It has a curse which improves the following skills: Elements: Fire Magic, Ice
   Magic, Air Magic and Earth Magic.
   Evocations: Evocations.
 B - the +1 pair of gloves "Rusu" (worn) {rF+ Str+7 Int-4 Dex+4}
   (You acquired it on level 6 of the Dungeon)

   Str:       It affects your strength (+7).
   Int:       It affects your intelligence (-4).
   Dex:       It affects your dexterity (+4).
   rF:        It protects you from fire.
Jewellery
 b - the cursed ring of the Oracular Sorrow (left hand) {AC+4, Alch, Range}
   (You found it on level 1 of the Dungeon)

   [ring of protection]

   AC:        It affects your AC (+4).
   It has a curse which improves the following skills: Alchemy: Poison Magic and
   Transmutations.
   Ranged Combat: Ranged Weapons and Throwing.
 f - a +6 ring of intelligence
 j - a ring of resist corrosion
 k - the cursed amulet "Behold Eternity" (around neck) {Acrobat Regen+ Int+2 Stlth+, Comp, Cun}
   (You found it on level 2 of the Dungeon)

   [amulet of the acrobat]

   It increases your evasion while moving and waiting.
   Int:       It affects your intelligence (+2).
   Regen:     It increases your rate of health regeneration.
   Stlth:     It makes you more stealthy.
   It has a curse which improves the following skills: Companions: Summonings
   and Necromancy.
   Cunning:   Dodging and Stealth.
 x - a +4 ring of protection
 y - the cursed ring "Sidereal Incredulity" (right hand) {MP+9, Alch, Elem}
   (You found it on level 4 of the Dungeon)

   [ring of magical power]

   MP:        It affects your magic capacity (+9).
   It has a curse which improves the following skills: Alchemy: Poison Magic and
   Transmutations.
   Elements:  Fire Magic, Ice Magic, Air Magic and Earth Magic.
 z - a +4 ring of slaying
 D - a ring of positive energy
 I - a +4 ring of evasion
 M - a ring of magical power
 N - a +4 ring of evasion
 Q - an amulet of guardian spirit
Wands
 A - a wand of flame (23)
 S - a wand of acid (2)
Scrolls
 a - a scroll of noise
 h - 2 scrolls of enchant weapon
 i - 2 scrolls of poison
 o - a scroll of summoning
 q - 4 scrolls of teleportation
 s - 2 scrolls of blinking
 t - a scroll of immolation
 w - 3 scrolls of amnesia
 F - 2 scrolls of butterflies
 L - a scroll of fear
 O - a scroll of silence
Potions
 c - 5 potions of brilliance
 d - a potion of lignification
 m - a potion of resistance
 n - 5 potions of curing
 p - a potion of cancellation
 r - a potion of mutation
 u - a potion of flight
 v - a potion of magic
 C - a potion of berserk rage
 K - 2 potions of invisibility
 R - a potion of haste
Miscellaneous
 P - a lightning rod (1/4)


   Skills:
 - Level 6.2(8.2) Fighting
 - Level 5.0 Axes
 - Level 6.0(8.0) Dodging
 - Level 1.7(3.1) Stealth
 + Level 10.9(12.8) Spellcasting
 - Level 13.1(16.0) Fire Magic
 - Level 3.7(6.4) Ice Magic
 - Level 5.1(7.0) Evocations


You had 19 spell levels left.
You knew the following spells:

 Your Spells              Type           Power      Damage    Failure   Level
a - Sticky Flame          Conj/Fire      40%        2d6       2%          4
b - Frozen Ramparts       Ice            68%        1d8       1%          3
c - Starburst             Conj/Fire      20%        6d7       34%         6
d - Freeze                Ice            100%       1d11      1%          1
e - Inner Flame           Hex/Fire       40%        N/A       1%          3

Your spell library contained the following spells:

 Spells                   Type           Power      Damage    Failure   Level
 Ozocubu's Armour         Ice            34%        N/A       1%          3
 Sandblast                Erth           24%        2d8       4%          1
 Necrotise                Necr           48%        1d6       5%          1
 Summon Small Mammal      Summ           48%        N/A       5%          1
 Apportation              Tloc           22%        N/A       6%          1
 Passwall                 Tmut/Erth      10%        N/A       8%          2
 Hailstorm                Conj/Ice       23%        3d7       16%         4
 Stone Arrow              Conj/Erth      24%        3d8       17%         3
 Metabolic Englaciation   Hex/Ice        11%        N/A       41%         5
 Alistair's Intoxication  Tmut/Pois      8%         N/A       80%         5
 Borgnjor's Vile Clutch   Necr/Erth      6%         N/A       82%         5
 Simulacrum               Ice/Necr       11%        N/A       93%         6
 Eringya's Noxious Bog    Tmut/Pois      6%         N/A       100%        6


Dungeon Overview and Level Annotations

Branches:
Dungeon (11/15)            Temple (0/1) D:7            Lair (0/5) D:8
 Bailey (visited)           IceCv (1/1)
    Orc: D:9-12

Altars:
Ashenzari
Uskayaw
Xom

Shops:
D:10 :

Annotations:
D:11 exclusion: oklob plant


Innate Abilities, Weirdness & Mutations

You can breathe blasts of fire.
Your fiery red scales are hard. (AC +8)
You cannot fit into any form of body armour.
Your flesh is heat resistant. (rF+)
You are cold-blooded and may be slowed by cold attacks.


Message History

The reaper hits you with a +0 scythe of freezing!
You feel yourself slow down. The reaper freezes you.
Casting: Sticky Flame (mildly dangerous; 2% risk of failure)
Confirm with . or Enter, or press ? or * to list all spells.
Casting: Frozen Ramparts (safe; 1% risk of failure)
Press: ? - help, Dir - look around, f - activate The walls around you are covered in ice.
The reaper completely resists.
The wall freezes the reaper but does no damage.
The reaper hits you with a +0 scythe of freezing!!
You feel as though you will be slow longer.
The reaper freezes you.
The reaper resists.
The wall freezes the reaper.
The reaper hits you with a +0 scythe of freezing!
You feel as though you will be slow longer.
The reaper freezes you.
Casting: Frozen Ramparts (safe; 1% risk of failure)
Confirm with . or Enter, or press ? or * to list all spells.
Okay, then.
Aiming: Breathe Fire (2% risk of failure)
Press: ? - help, Shift-Dir - straight line, f - reaper
Aim: a reaper, wielding a +0 scythe of freezing (lightly wounded, 71% to hit)
You breathe a blast of fire.
The fiery breath hits the reaper.
The reaper is lightly wounded.
The reaper is engulfed in blazing flames.
The reaper resists.
The wall freezes the reaper.
The reaper hits you with a +0 scythe of freezing!
You feel as though you will be slow longer.
The reaper freezes you.
You hit the reaper but do no damage.
Your tail-slap misses the reaper.
The reaper is moderately wounded.
The reaper is engulfed in blazing flames.
The reaper resists.
The wall freezes the reaper.
The reaper hits you with a +0 scythe of freezing!!
* * * LOW HITPOINT WARNING * * *
You feel as though you will be slow longer.
The reaper freezes you.
* * * LOW HITPOINT WARNING * * *
The reaper resists.
The wall freezes the reaper.
The reaper hits you with a +0 scythe of freezing!!
You die...

###.### ##.Z# ####### #..#####
..##≈≈≈###.####### #####
.##≈≈≈≈≈≈#....############
.#≈≈≈≈≈≈≈≈#.##..#####.######
##≈≈≈≈≈≈≈≈≈..#.#..##.#..####
##≈≈≈≈≈≈≈##.######..####..###
###≈≈≈≈≈≈≈#############..#####
####≈≈≈≈≈≈≈####.@2######...###
###≈≈≈######....#...###[.⌠..##
##≈≈##..##.....####..###...###
.≈######......######......####
###########################
#### ########## ########


You could see a reaper.

Vanquished Creatures
  An ice dragon (D:11)
  2 two-headed ogres
  Maurice (D:11)
  Joseph (D:9)
  An ice statue (IceCv)
  An anaconda simulacrum (IceCv)
  2 entropy weaver simulacra (IceCv)
  2 trolls
  2 polar bears (D:11)
  A hornet (D:9)
  Prince Ribbit (D:8)
  18 yaks
  A wraith (D:10)
  2 dire elephant simulacra (IceCv)
  2 steam dragons
  3 death yak simulacra (IceCv)
  2 water moccasins (D:6)
  An acid dragon (D:9)
  4 ice beasts
  A black bear (D:7)
  Duvessa (D:5)
  An orc warrior (D:7)
  2 sky beasts
  12 wolves
  5 centaurs
  3 phantoms
  5 kobold brigands
  5 scorpions
  9 gnoll sergeants (Bailey)
  8 two-headed ogre simulacra (IceCv)
  13 wights (D:8)
  2 cane toad simulacra (IceCv)
  Dowan (D:5)
  6 killer bees (D:11)
  4 howler monkeys
  4 hounds
  4 orc priests
  7 gnoll boudas
  4 iguanas
  7 orc wizards
  A scorpion zombie (D:4)
  4 spriggan simulacra (IceCv)
  8 troll simulacra (IceCv)
  A wolf simulacrum (IceCv)
  28 gnolls
  12 adders
  9 naga simulacra (IceCv)
  2 shadow imps
  7 white imps
  A howler monkey simulacrum (D:11)
  6 ufetubi
  An adder skeleton (D:4)
  An adder zombie (D:4)
  4 worms
  5 dart slugs
  19 orcs
  7 ball pythons
  9 endoplasms
  3 giant cockroaches
  6 goblins
  10 hobgoblins
  3 quokkas
  9 bats
  9 frilled lizards
  21 kobolds
  11 rats
349 creatures vanquished.

Notes
Turn   | Place    | Note
-------+----------+-------------------------------------------
     0 | D:1      | enile the Draconian Ice Elementalist began the quest for
                  | the Orb.
     0 | D:1      | Reached XP level 1. HP: 14/14 MP: 3/3
    25 | D:1      | Reached skill level 1 in Fighting
   183 | D:1      | Reached XP level 2. HP: 20/24 MP: 1/5
   585 | D:1      | Reached XP level 3. HP: 7/29 MP: 0/7
  1338 | D:1      | Found a faded altar of an unknown god.
  1348 | D:1      | Prayed at the altar of an unknown god.
  1348 | D:1      | Became a worshipper of Ashenzari the Shackled
  1547 | D:2      | Reached XP level 4. HP: 37/38 MP: 6/8
  1551 | D:2      | Learned a level 3 spell: Frozen Ramparts
  1582 | D:2      | Identified the amulet "Baoc" {Acrobat Regen+ Int+2 Stlth+}
  2343 | D:2      | Reached * piety under Ashenzari
  2825 | D:3      | Reached XP level 5. HP: 46/46 MP: 8/10
  2862 | D:3      | Identified the Verses on the Arsonist
  3404 | D:4      | Noticed a phantom
  3405 | D:4      | Reached ** piety under Ashenzari
  3433 | D:4      | Killed a phantom
  3434 | D:4      | Reached XP level 6. HP: 52/52 MP: 2/13
  3528 | D:4      | Reached skill level 5 in Spellcasting
  3715 | D:4      | Reached skill level 1 in Evocations
  4074 | D:5      | Entered Level 5 of the Dungeon
  4229 | D:5      | Your scales start taking on a fiery red colour.
  4229 | D:5      | Reached XP level 7. HP: 59/59 MP: 9/14
  4229 | D:5      | Gained mutation: Your flesh is heat resistant. (rF+) [Red
                  | Draconian growth]
  4439 | D:5      | Noticed Duvessa
  4439 | D:5      | Noticed Dowan
  4451 | D:5      | Killed Duvessa
  4452 | D:5      | Reached skill level 2 in Fire Magic
  4461 | D:5      | Killed Dowan
  4462 | D:5      | Reached skill level 3 in Fire Magic
  4644 | D:5      | Reached skill level 4 in Fire Magic
  4684 | D:5      | Reached skill level 5 in Fire Magic
  4971 | D:6      | Identified a scroll of acquirement
  4980 | D:6      | Acquired the +1 pair of gloves "Rusu" {rF+ Str+7 Int-4
                  | Dex+4}
  4995 | D:6      | Reached skill level 6 in Fire Magic
  4995 | D:6      | Reached XP level 8. HP: 66/66 MP: 11/15
  5039 | D:6      | Reached skill level 5 in Fighting
  5354 | D:6      | Identified the +5 spear "Draconian's Peril" {elec, Will+}
  5588 | D:7      | Learned a level 3 spell: Inner Flame
  5603 | D:7      | Found a flagged portal.
  5660 | Bailey   | Entered a bailey
  5923 | Bailey   | Reached XP level 9. HP: 73/75 MP: 0/19
  6053 | Bailey   | Reached skill level 7 in Fire Magic
  6084 | Bailey   | Identified the +1 mace of the Hurting Moth {drain, rElec
                  | rPois rF+ Dex-2}
  6128 | Bailey   | Reached skill level 8 in Fire Magic
  6188 | Bailey   | Reached skill level 9 in Fire Magic
  6659 | D:7      | Reached *** piety under Ashenzari
  6714 | D:7      | Learned a level 4 spell: Sticky Flame
  6722 | D:7      | Reached skill level 10 in Fire Magic
  6775 | D:7      | Found a shimmering altar of Xom.
  6775 | D:7      | Found a hide-covered altar of Uskayaw.
  6965 | D:7      | Reached skill level 11 in Fire Magic
  7181 | D:7      | Found a staircase to the Ecumenical Temple.
  7188 | D:7      | Reached XP level 10. HP: 75/83 MP: 20/20
  7485 | D:8      | Found a staircase to the Lair.
  7531 | D:8      | Noticed a two-headed ogre
  7537 | D:8      | Killed a two-headed ogre
  7760 | D:8      | Noticed Prince Ribbit
  7764 | D:8      | Killed Prince Ribbit
  8760 | D:9      | Noticed Joseph
  8767 | D:9      | Killed Joseph
  9136 | D:9      | Reached skill level 10 in Spellcasting
  9329 | D:9      | Reached **** piety under Ashenzari
  9407 | D:10     | Entered Level 10 of the Dungeon
  9415 | D:10     | Noticed a two-headed ogre
  9424 | D:10     | Killed a two-headed ogre
  9479 | D:10     | Reached XP level 11. HP: 94/94 MP: 26/26
  9491 | D:10     | Reached skill level 5 in Axes
  9683 | D:10     | Found Nigae's Vocational Training.
  9723 | D:10     | Reached skill level 5 in Dodging
 10153 | D:11     | Reached skill level 12 in Fire Magic
 10157 | D:11     | Noticed a purple ugly thing
 10227 | D:11     | Noticed Maurice
 10235 | D:11     | Killed Maurice
 10271 | D:11     | Noticed an oklob plant
 10333 | D:11     | Found a frozen archway.
 10333 | D:11     | Noticed an ice dragon
 10341 | D:11     | Reached skill level 13 in Fire Magic
 10352 | D:11     | Killed an ice dragon
 10408 | IceCv    | Entered an ice cave
 10534 | IceCv    | Learned a level 6 spell: Starburst
 10689 | IceCv    | Reached skill level 5 in Evocations
 11824 | IceCv    | Noticed a reaper
 11831 | IceCv    | Reached XP level 12. HP: 28/102 MP: 24/28
 12059 | IceCv    | Slain by a reaper

Illustrated notes

Levels and vault maps discovered:
D:1:      dpeg_arrival_rooms_c, layout_basic,
          hellmonk_ecumenical_altar_slurped_away, minmay_misc_feat_plants
D:2:      wad_river_or_something, layout_basic
D:3:      layout_rooms
D:4:      layout_loops_cross, serial_undead, serial_undead_d, serial_undead_a,
          serial_undead_b, serial_undead_b
D:5:      dreamdust_elfheim, layout_gridville
D:6:      hellmonk_crumbling_castle, layout_rooms
D:7:      layout_rooms, nicolae_overflow_two_pavilions,
          minmay_temple_entry_proselytizer, enter_bailey_4, grunt_ministairs_4
D:8:      layout_basic, lair_entry_dummy, uniq_prince_ribbit1
D:9:      layout_long_grid, kennysheep_generic_room_5, uniq_joseph
D:10:     layout_loops_ring, nicolae_shop_vocational
D:11:     layout_stronghold, david_orc_1_choice, serial_ice, serial_ice_d,
          serial_ice_f, serial_ice_o, serial_ice_h, serial_ice_g, serial_ice_n,
          portal_ice_cave_entry_animals_and_master, disabler_island,
          uniq_maurice
IceCv:    ice_cave_caverns_02

Skill      XL: |  1  2  3  4  5  6  7  8  9 10 11 |
---------------+----------------------------------+-----
Fighting       | 1 2 3 4 6 |  6.2
Spellcasting   | 3 4 5 7 10 | 10.9
Evocations     | 3 5 |  5.1
Ice Magic      | 3 |  3.7
Fire Magic     | 6 11 13 | 13.1
Dodging        | 3 4 6 |  6.0
Axes           | 3 5 |  5.0
Stealth        | |  1.7

Action                   |  1- 3 |  4- 6 |  7- 9 | 10-12 || total
-------------------------+-------+-------+-------+-------++-------
Melee: Unarmed           |     6 |       |       |       ||     6
       Quarterstaff      |    45 |   173 |   106 |       ||   324
       Tailslap          |    10 |    18 |    21 |    29 ||    78
       Executioner's axe |       |       |    60 |   218 ||   278
 Cast: Freeze            |    38 |    27 |    23 |       ||    88
       Frozen Ramparts   |       |     9 |    24 |    10 ||    43
       Inner Flame       |       |       |    16 |     5 ||    21
       Sticky Flame      |       |       |    11 |    64 ||    75
       Starburst         |       |       |       |    19 ||    19
Invok: Curse Item        |     1 |     2 |     1 |     1 ||     5
 Abil: Breathe Fire      |       |       |    10 |     6 ||    16
Evoke: Wand              |       |       |     2 |     1 ||     3
       Lightning rod     |       |       |       |     5 ||     5
  Use: Potion            |     2 |       |       |     4 ||     6
       Scroll            |       |       |     1 |     1 ||     2
 Stab: Sleeping          |     3 |     9 |     3 |     3 ||    18
       Distracted        |       |       |       |     4 ||     4
Armor: Skin              |    42 |    73 |   108 |   160 ||   383
Dodge: Dodged            |    60 |   132 |   264 |   402 ||   858

Table legend: (Time is in decaauts)
 A = Elapsed time spent in this place.
 B = Non-inter-level travel time spent in this place.
 C = Inter-level travel time spent in this place.
 D = Time resting spent in this place.
 E = Time spent auto-exploring this place.
 F = Levels seen in this place.
 G = Mean time per level.
                   A        B        C        D        E       F      G
               +--------+--------+--------+--------+--------+-----+--------+
         Total |  12412 |  12019 |    393 |     46 |   9123 |  13 |  954.8 |
       Dungeon |   9750 |   9357 |    393 |     46 |   7189 |  11 |  886.4 |
        Bailey |    961 |    961 |      0 |      0 |    615 |   1 |  961.0 |
      Ice Cave |   1700 |   1700 |      0 |      0 |   1319 |   1 | 1700.0 |
               +--------+--------+--------+--------+--------+-----+--------+

Top non-repeatable levels by time:
   IceCv: 1700 daAuts
     D:1: 1484 daAuts
     D:2: 1312 daAuts
     D:8: 1139 daAuts
     D:7: 1036 daAuts
  Bailey: 961 daAuts
     D:5: 909 daAuts
     D:9: 868 daAuts
     D:4: 784 daAuts
    D:10: 681 daAuts
     D:6: 589 daAuts
     D:3: 559 daAuts
    D:11: 385 daAuts
